[Event "Superbet Rapid GCT 2019"]
[Site "Bucharest"]
[Date "2019.11.06"]
[Round "1.1"]
[White "Karjakin, Sergey"]
[Black "Korobov, Anton"]
[Result "1/2-1/2"]
[ECO "B72"]
[WhiteElo "2760"]
[BlackElo "2679"]
[Annotator "RC"]
[PlyCount "75"]
[EventDate "2019.11.06"]
[EventType "tourn"]
[EventCountry "ROU"]
[SourceTitle "playchess.com"]
[Source "ChessBase"]
[SourceQuality "1"]
[TimeMode "Bronstein"]
[TimeControl "1500+10"]

1. e4 c5 2. Nf3 d6 3. d4 cxd4 4. Nxd4 Nf6 5. Nc3 a6 6. Bd3 g6 7. Be3 Bg7 8. f3 b5 9. Qd2 Bb7 10. a4 b4 11. Na2 a5 12. c3 bxc3 13. Bb5+ Nbd7 14. Nxc3 O-O 15. O-O Nc5 16. Qf2 Rc8 17. Rfd1 e5 18. Nc2 Qe7 19. Ra3 Rfd8 20. b4 axb4 21. Nxb4 d5 22. Nbxd5 Nxd5 23. Nxd5 Bxd5 24. exd5 e4 25. Ra2 exf3 26. gxf3 Nb7 27. a5 Qb4 28. Ba6 Qb3 29. Bxb7 Qxd1+ 30. Kg2 Rb8 31. a6 Qb1 32. Qc2 Rxb7 33. axb7 Qxb7 34. Qc6 Qe7 35. Ra8 Rxa8 36. Qxa8+ Bf8 37. Bh6 Qe2+ 38. Kg1 1/2-1/2